AoeStats
← sock

Glade

510515210Analyzed
1v1 RM · 19h ago on Oct 1, 2026· 53m 0s· 2 players
Game mode
Random Map
Map size
Tiny (2 player)
Population
200
Speed
Normal
Resources
Standard
Victory
Conquest
Starting age
Dark Age
Ending age
Imperial Age
RankedLock teamsTeams togetherTeam positionsShared explorationLock speedFull tech treeHidden civsTurbo modeCheats
Victory
Defeat
🇹🇷 Persians · Türkiye
909
+14
🇬🇧 Japanese · United Kingdom
857
-14
sock
9:17 Feudal Age
9:26 Man-at-Arms
10:09 Arson
13:22 Double-Bit Axe
14:04 Fletching
19:58 Castle Age
18:34 Loom
19:42 Gold Mining
19:45 Stone Mining
19:38 Horse Collar
21:10 Bow Saw
21:55 Gold Shaft Mining
25:35 Wheelbarrow
24:45 Town Watch
27:23 Heavy Plow
31:23 Imperial Age
29:11 Gambesons
28:48 Long Swordsman
30:39 Murder Holes
31:50 Hand Cart
31:49 Scale Mail Armor
32:29 Town Patrol
33:33 Forging
33:38 Chain Mail Armor
33:51 Ballistics
34:47 Arrowslits
35:51 Hoardings
35:45 Elite Skirmisher
37:34 Iron Casting
37:44 Kataparuto
37:44 Capped Ram
38:29 Squires
39:57 Blast Furnace
39:21 Yasama
40:07 Plate Mail Armor
40:03 Elite Samurai
41:19 Bodkin Arrow
41:25 Padded Archer Armor
41:09 Capped Ram
43:24 Thumb Ring
44:10 Pikeman
48:50 Bracer
49:22 Leather Archer Armor
SZY19999
0:41 Loom
11:41 Feudal Age
12:33 Double-Bit Axe
12:30 Horse Collar
16:08 Wheelbarrow
21:23 Castle Age
23:20 Hand Cart
23:12 Heavy Plow
24:37 Bow Saw
27:37 Kamandaran
28:36 Crossbowman
29:12 Fletching
29:25 Padded Archer Armor
30:17 Thumb Ring
30:41 Ballistics
30:19 Bodkin Arrow
30:31 Gold Mining
31:47 Leather Archer Armor
31:37 Town Watch
34:52 Imperial Age
34:45 Town Patrol
36:14 Chemistry
35:47 Ring Archer Armor
36:35 Two-Man Saw
36:11 Crop Rotation
38:00 Gold Shaft Mining
42:55 Elite War Elephant
51:12 Murder Holes
Connection lost

Rejoining the realm…

Still unreachable

The connection could not be restored.

Session expired

The server has moved on; the page needs a fresh start.